 Dungeon Crawl Stone Soup version 0.29.0-13-gc9e81de378 (webtiles) character file.

Game seed: 12734730537866035650

29 funkygono the Firebug (level 3, -3/19 HPs)
             Began as a Gargoyle Fire Elementalist on Sept 9, 2022.
             Slain by Terence
             ... wielding a +0 mace
              (8 damage)
             ... on level 2 of the Dungeon.
             The game lasted 00:01:50 (1165 turns).

funkygono the Firebug (Gargoyle Fire Elementalist)  Turns: 1165, Time: 00:01:51

Health: -3/19      AC:  7    Str: 11    XL:     3   Next: 16%
Magic:  1/6        EV: 12    Int: 17    God:
Gold:   75         SH:  0    Dex: 10    Spells: 0/6 levels left

rFire   . . .      SeeInvis .   c - +0 mace
rCold   . . .      Faith    .   (no shield)
rNeg    + . .      Spirit   .   a - +0 robe
rPois   ∞          Reflect  .   h - +2 hat
rElec   +          Harm     .   (no cloak)
rCorr   .          Rampage  .   (no gloves)
Will    .....                   (no boots)
Stlth   ++........              (no amulet)
HPRegen 0.06/turn               (no ring)
MPRegen 0.10/turn               (no ring)

@: no status effects
A: sickness immunity, AC +3, negative energy resistance 1, electricity
resistance, torment resistance 1, petrification resistance
a: no special abilities


You were on level 2 of the Dungeon.
You visited 1 branch of the dungeon, and saw 2 of its levels.

You collected 75 gold pieces.

Inventory:

Hand Weapons
 c - a +0 mace (weapon)
Armour
 a - a +0 robe (worn)
 h - a +2 hat (worn)
Scrolls
 g - a scroll of blinking {unknown}
Potions
 b - a potion of magic
 d - a potion of degeneration {unknown}
 e - a potion of ambrosia {unknown}
 f - a potion of curing {unknown}


   Skills:
 + Level 1.8 Dodging
 - Level 2.1 Stealth
 + Level 2.4 Spellcasting
 + Level 1.2 Conjurations
 + Level 3.7 Fire Magic


You couldn't memorise any spells.
You knew the following spells:

 Your Spells              Type           Power      Damage    Failure   Level
a - Foxfire               Conj/Fire      40%        2x1d6     7%          1
b - Scorch                Fire           28%        2d6       6%          2
c - Conjure Flame         Conj/Fire      10%        6-21      21%         3

Your spell library contained the following spells:

 Spells                   Type           Power      Damage    Failure   Level
 Static Discharge         Conj/Air       4%         3-4/arc   22%         2
 Inner Flame              Hex/Fire       8%         N/A       26%         3
 Flame Wave               Conj/Fire      10%        2d6       56%         4
 Sticky Flame             Conj/Fire      10%        2d3       56%         4
 Dispel Undead            Necr           2%         3d7       88%         4


Dungeon Overview and Level Annotations

Branches:
Dungeon (2/15)

Altars:

Annotations:
D:2 Terence


Innate Abilities, Weirdness & Mutations

You are immune to sickness and miasma.
Your stone body is resilient. (AC +3)
You are immune to poison.
You resist negative energy. (rN+)
You are resistant to electric shocks. (rElec)
You are resistant to unholy torment.
You are immune to petrification.


Message History

You conjure some foxfire!
The foxfire hits Terence.
Terence is lightly wounded.
The foxfire hits Terence.
Terence is lightly wounded.
Casting: Foxfire (safe; 7% risk of failure)
Confirm with . or Enter, or press ? or * to list all spells.
You conjure some foxfire!
The foxfire hits Terence but does no damage.
Terence is lightly wounded.
The foxfire hits Terence but does no damage.
Terence is lightly wounded.
Casting: Foxfire (safe; 7% risk of failure)
Confirm with . or Enter, or press ? or * to list all spells.
Flames lash Terence.
Terence is moderately wounded.
Terence's fire resistance burns away.
Terence hits you with a +0 mace.
Unknown command.
Casting: Scorch (safe; 6% risk of failure)
Confirm with . or Enter, or press ? or * to list all spells.
Flames lash Terence but do no damage.
Terence barely misses you.
Unknown command.
Casting: Scorch (safe; 6% risk of failure)
Confirm with . or Enter, or press ? or * to list all spells.
You don't know that spell.
You barely miss Terence.
Terence is moderately wounded.
Terence closely misses you.
Unknown command.
You hit Terence but do no damage.
Terence is moderately wounded.
Terence is no longer more vulnerable to fire.
Terence hits you with a +0 mace.
You hit Terence but do no damage.
Terence is moderately wounded.
Terence closely misses you. Terence hits you with a +0 mace.
* * * LOW HITPOINT WARNING * * *
Unknown command.
Terence attacks as you move away! Terence hits you with a +0 mace!
You die...

... ..# ### ##..#
.... #...#
###..######...#
..............#####
###..##.#.........#
# #.#.@...###.##.
..+..@........#
.##.#...........#
...............<.##
..##.###...........
.................
#.##.#.....##.....#
#..................
.......<†.........
..#.#............#


You could see Terence.

Vanquished Creatures
  2 endoplasms (D:1)
  A giant cockroach (D:1)
  3 hobgoblins
  2 jackals (D:1)
  2 quokkas (D:1)
  3 ball pythons
  7 bats
  2 goblins (D:1)
  4 rats (D:1)
26 creatures vanquished.

Vanquished Creatures (others)
  58 foxfires
58 creatures vanquished.

Grand Total: 84 creatures vanquished

Notes
Turn   | Place    | Note
-------+----------+-------------------------------------------
     0 | D:1      | funkygono the Gargoyle Fire Elementalist began the quest
                  | for the Orb.
     0 | D:1      | Reached XP level 1. HP: 10/10 MP: 3/3
   328 | D:1      | Reached XP level 2. HP: 15/15 MP: 1/5
   992 | D:1      | Reached XP level 3. HP: 19/19 MP: 2/6
   995 | D:1      | Learned a level 2 spell: Scorch
   999 | D:1      | Learned a level 3 spell: Conjure Flame
  1150 | D:2      | Noticed Terence
  1165 | D:2      | Slain by Terence

Illustrated notes

Levels and vault maps discovered:
D:1:      saegor_arrival_simple_d, layout_rooms
D:2:      layout_basic, dreamdust_ecumenical_altar_hidden_monk_grotto,
          minmay_pentomino_r2, uniq_terence, uniq_sigmund

Action                   || total
-------------------------++-------
Melee: Unarmed           ||    17
       Mace              ||     8
 Cast: Foxfire           ||    37
       Scorch            ||     2
Armor: Robe              ||    12
Dodge: Dodged            ||    25
